 Dungeon Crawl Stone Soup version 0.30-b1-2-g02819fbbbe (webtiles) character file.

Game seed: 4923202316525417239

7 MackTheKnife the Sneak (level 1, 0/14 HPs)
             Began as a Demigod Enchanter on May 17, 2023.
             Slain by a jackal (3 damage)
             ... on level 1 of the Dungeon.
             The game lasted 00:00:28 (79 turns).

MackTheKnife the Sneak (Demigod Enchanter)            Turns: 79, Time: 00:00:28

Health: 0/14       AC:  2    Str:  9    XL:     1   Next: 66%
Magic:  5/5        EV: 12    Int: 17    God:
Gold:   0          SH:  0    Dex: 14    Spells: 3/3 levels left

rFire   . . .        a - +1 dagger {short}
rCold   . . .        (no shield)
rNeg    . . .        b - +0 robe
rPois   .            (no helmet)
rElec   .            (no cloak)
rCorr   .            (no gloves)
SInv    .            (no boots)
Will    .....        (no amulet)
Stlth   ++           (no ring)
HPRegen 0.22/turn    (no ring)
MPRegen 0.09/turn

%: no passive effects
@: no status effects
A: high MP 1, forlorn, divine attributes
a: no special abilities


You were on level 1 of the Dungeon.
You visited 1 branch of the dungeon, and saw 1 of its levels.


Innate Abilities, Weirdness & Mutations

You have an increased reservoir of magic. (+10% MP)
You shall have no god before yourself.
Your divine heritage dramatically boosts your attributes as you level up.


   Skills:
 - Level 0.8 Short Blades
 - Level 1.7 Dodging
 + Level 3.2 Stealth
 - Level 1.7 Spellcasting
 - Level 2.6 Hexes


You had 3 spell levels left.
You didn't know any spells.
Your spell library contained the following spells:

 Spells                   Type           Power      Damage    Failure   Level
 Ensorcelled Hibernation  Hex/Ice        12%        N/A       17%         2
 Confusing Touch          Hex            10%        N/A       21%         3
 Tukima's Dance           Hex            10%        N/A       21%         3
 Dazzling Flash           Conj/Hex       12%        N/A       34%         3

Inventory:

Hand Weapons
 a - a +1 dagger (weapon) {short}
Armour
 b - a +0 robe (worn)
Potions
 c - 2 potions of invisibility

Dungeon Overview and Level Annotations

Branches:
Dungeon (1/15) Zot: 5921

............#
#...#
...######..##
###.#
...........#
#.#
.#.#########
#.# #.# #.#
#########.#
#....†h.#.#
#.#####@#.#
#.)....#
.....##.###
#.## #.# #.#
..# ###


You could see a jackal.


Message History

Press ? for a list of commands and other information.
Found a staircase leading out of the dungeon.
You open the large door.
There is a large open door here.
Key pressed, stopping explore.
Key pressed, stopping explore.
A giant cockroach comes into view. 2 jackals and a quokka come into view.
The helpless quokka fails to defend itself.
You puncture the quokka!
You kill the quokka!
A jackal comes into view.
You see here a quokka corpse.
The helpless jackal fails to defend itself.
You puncture the jackal!
You kill the jackal!
A jackal comes into view.
The jackal barks! x2
The jackal bites you.
You see here 7 gold pieces. 😕 HP[-2]
You take 2 damage, and now have 12/14 hp.
You hit the jackal. You hit the jackal. The jackal barely misses you.
The giant cockroach barely misses you.
You hit the jackal. The jackal misses you.
The giant cockroach bites you but does no damage.
You hit the jackal but do no damage.
The jackal bites you but does no damage.
The giant cockroach bites you. The jackal completely misses you.
You closely miss the jackal. The giant cockroach closely misses you.
The jackal closely misses you.
You hit the jackal.
You kill the jackal!
The giant cockroach bites you.
Your Stealth skill increases to level 3! 😮 HP[-2]
You take 2 damage, and now have 10/14 hp.
You are too injured to fight recklessly!
You are too injured to fight recklessly!
You are too injured to fight recklessly!
You are too injured to fight recklessly!
You are too injured to fight recklessly!
You are too injured to fight recklessly!
You are too injured to fight recklessly!
You are too injured to fight recklessly!
You are too injured to fight recklessly!
You are too injured to fight recklessly!
You are too injured to fight recklessly!
You are too injured to fight recklessly!
You are too injured to fight recklessly!
You hit the giant cockroach but do no damage.
The jackal barely misses you. The giant cockroach bites you. 😮 HP[-1]
You take 1 damage, and now have 9/14 hp.
You closely miss the giant cockroach. The jackal bites you.
* * * LOW HITPOINT WARNING * * *
The giant cockroach bites you but does no damage.
The jackal bites you.
* * * LOW HITPOINT WARNING * * *
😨 HP[-4]
You take 4 damage, and now have 5/14 hp.
MASSIVE DAMAGE!! (PAUSE)
You don't know any spells.
Sorry, you're not good enough to have a special ability.
You hit the giant cockroach but do no damage.
The giant cockroach bites you.
* * * LOW HITPOINT WARNING * * *
The jackal barely misses you.
You hit the giant cockroach but do no damage.
The giant cockroach barely misses you. The jackal barely misses you.
The giant cockroach misses you.
You hit the giant cockroach. The jackal closely misses you.
The giant cockroach bites you but does no damage.
You hit the giant cockroach. The jackal closely misses you.
The giant cockroach bites you.
* * * LOW HITPOINT WARNING * * *
The jackal barely misses you. 😨 HP[-1]
You take 1 damage, and now have 4/14 hp.
You hit the giant cockroach.
You kill the giant cockroach!
The jackal bites you but does no damage.
You see here a quokka corpse. 😨 HP[+1]
You hit the jackal but do no damage. The jackal bites you.
* * * LOW HITPOINT WARNING * * *
The jackal bites you.
* * * LOW HITPOINT WARNING * * *
😱 HP[-2]
You take 2 damage, and now have 3/14 hp.
You hit the jackal. You hit the jackal.
You kill the jackal!
The jackal misses you.
You barely miss the jackal. The jackal barely misses you.
You closely miss the jackal. The jackal bites you.
* * * LOW HITPOINT WARNING * * *
You hit the jackal but do no damage. The jackal bites you.
You die...

Skill      XL: |  1 |
---------------+----+-----
Stealth        | 3 |  3.2
Short Blades   | |  0.8
Dodging        | |  1.7
Spellcasting   | |  1.7
Hexes          | |  2.6

Action                     || total
---------------------------++-------
  Melee: Dagger            ||    21
   Stab: Sleeping          ||     2
 Armour: Robe              ||     5
  Dodge: Dodged            ||    16

Levels and vault maps discovered:
D:1:      lightli_arrival_noodles, layout_loops_cross

Notes
Turn   | Place    | Note
-------+----------+-------------------------------------------
     0 | D:1      | MackTheKnife the Demigod Enchanter began the quest for the
                  | Orb.
     0 | D:1      | Reached XP level 1. HP: 14/14 MP: 5/5
     0 | D:1      | magus.rc [v1.9.6]
    66 | D:1      | Reached skill level 3 in Stealth
    74 | D:1      | HP: 3/14 [jackal (1)]
    79 | D:1      | Slain by a jackal

Vanquished Creatures
  A giant cockroach (D:1)
  3 jackals (D:1)
  A quokka (D:1)
5 creatures vanquished.

Table legend:
 A = Non-vault XP
 B = Vault XP
 C = Vault XP percentage of total XP
 D = Non-vault monster count
 E = Vault monster count
 F = Vault count percentage of total count
                 A         B        C        D         E       F
            +---------+---------+-------+---------+---------+-------
      Total |      10 |       0 |   0.0 |       5 |       0 |   0.0
            +---------+---------+-------+---------+---------+-------
        D:1 |      10 |       0 |   0.0 |       5 |       0 |   0.0
            +---------+---------+-------+---------+---------+-------

Skill      XL: |  1 |
---------------+----+-----
Stealth        | 3 |  3.2
Short Blades   | |  0.8
Dodging        | |  1.7
Spellcasting   | |  1.7
Hexes          | |  2.6

Action                     || total
---------------------------++-------
  Melee: Dagger            ||    21
   Stab: Sleeping          ||     2
 Armour: Robe              ||     5
  Dodge: Dodged            ||    16

Illustrated notes

Table legend:
 A = Kills in this place as a percentage of kills in the entire game.
 B = Kills by you in this place as a percentage of kills by you in the entire game.
 C = Kills by friends in this place as a percentage of kills by friends in the entire game.
 D = Other kills in this place as a percentage of other kills in the entire game.
 E = Experience gained in this place as a percentage of experience gained in the entire game.
 F = Experience gained in this place divided by the number of levels of this place that you have seen.
                   A       B       C       D       E      F
               +-------+-------+-------+-------+-------+----------------------
         Total | 100.0 | 100.0 |   N/A |   N/A | 100.0 |  10.0
       Dungeon | 100.0 | 100.0 |   N/A |   N/A | 100.0 |  10.0
               +-------+-------+-------+-------+-------+----------------------

Table legend: (Time is in decaauts)
 A = Elapsed time spent in this place.
 B = Non-inter-level travel time spent in this place.
 C = Inter-level travel time spent in this place.
 D = Time resting spent in this place.
 E = Time spent auto-exploring this place.
 F = Levels seen in this place.
 G = Mean time per level.
                   A        B        C        D        E       F      G
               +--------+--------+--------+--------+--------+-----+--------+
         Total |     77 |     77 |      0 |      0 |     54 |   1 |   77.0 |
       Dungeon |     77 |     77 |      0 |      0 |     54 |   1 |   77.0 |
               +--------+--------+--------+--------+--------+-----+--------+

Top non-repeatable levels by time:
     D:1: 77 daAuts
